 Dungeon Sprint DCSS version 0.30.1-11-g7821555f0a (webtiles) character file.

Game seed: 10722743778089693157

23988 Heoruswealwe the Minotaur Porcupine (level 12, -5/122 (134) HPs)
             Began as a Minotaur Fighter on Dec 6, 2023.
             Was an Initiate of Gozag.
             Killed from afar by a vampire mage (23 damage)
             ... with a bolt of negative energy
             ... in the Dungeon (Sprint IX: "|||||||||||||||||||||||||||||").
             The game lasted 00:22:01 (2478 turns).

Heoruswealwe the Minotaur Porcupine (MiFi)          Turns: 2478, Time: 00:22:02

HP:   -5/122 (134)  AC: 31    Str: 29    XL:     12   Next: 76%
MP:   11/11         EV:  9    Int:  5    God:    Gozag
Gold: 1323          SH:  0    Dex:  7    Spells: 11/11 levels left

rFire   + + +        b - +2 halberd (venom)
rCold   + . .        (shield currently unavailable)
rNeg    . . .        c - +0 shadow dragon scales
rPois   +            (helmet restricted)
rElec   .            h - +4 cloak of the Slightly Bent {rPois rF+++ Will- Dex-3}
rCorr   .            f - +0 pair of gloves
SInv    .            e - +1 pair of boots
Will    .....        (no amulet)
Stlth   ++           k - +3 ring of strength
HPRegen 0.40/turn    j - ring of protection from cold
MPRegen 0.12/turn

%: no teleportation
@: mighty, hasted, drained, very quick
A: horns 2, retaliatory headbutt
a: Renounce Religion, Potion Petition, Call Merchant, Bribe Branch


You were in the Dungeon.
You worshipped Gozag.
Gozag was most pleased with you.
You visited 1 branch You collected 8963 gold pieces.
You spent 2799 gold pieces at shops.
You paid 4841 gold pieces to Gozag.

Inventory:

Hand Weapons
 a - a +2 trident of freezing
 b - a +2 halberd of venom (weapon)
 t - a +1 glaive
Armour
 c - +0 shadow dragon scales (worn)
 d - a +0 buckler
 e - a +1 pair of boots (worn)
 f - a +0 pair of gloves (worn)
 h - the +4 cloak of the Slightly Bent (worn) {rPois rF+++ Will- Dex-3}
   (You bought it in a shop in the Dungeon)

   Dex:       It affects your dexterity (-3).
   rF:        It renders you almost immune to fire.
   rPois:     It protects you from poison.
   Will:      It decreases your willpower.
 u - the +2 cloak of the First Stories {Contam rElec rN+}
   (You bought it in a shop in the Dungeon)

   rElec:     It insulates you from electricity.
   rN:        It protects you from negative energy.
   Contam:    It causes magical contamination when unequipped.
Jewellery
 j - a ring of protection from cold (right hand)
 k - a +3 ring of strength (left hand)
Wands
 l - a wand of light (10)
 o - a wand of flame (22)
 v - a wand of charming (3)
Scrolls
 p - 6 scrolls of enchant armour
 q - 4 scrolls of identify
 w - 2 scrolls of enchant weapon
 y - a scroll of silence
 z - 4 scrolls of blinking
Potions
 g - a potion of haste
 i - a potion of berserk rage
 r - 2 potions of ambrosia
 s - 9 potions of curing
Miscellaneous
 x - a tin of tremorstones (2/2)


   Skills:
 + Level 20.3 Fighting
 O Level 27 Polearms
 + Level 20.3 Armour
 + Level 0.0 Dodging
 + Level 3.6 Shields
 + Level 0.0 Evocations


You had 11 spell levels left.
You didn't know any spells.
Your spell library contained the following spells:

 Spells                   Type           Power      Damage    Failure   Level
 Blink                    Tloc           0%         N/A       91%         2
 Manifold Assault         Tloc           0%         N/A       100%        4
 Storm Form               Tmut/Air       0%         N/A       100%        7


Dungeon Overview and Level Annotations

Branches:
Dungeon (1/1)

Altars:
Cheibriados
Dithmenos
Elyvilon
Fedhas
Gozag
Hepliaklqana
Kikubaaqudgha
Makhleb
Nemelex Xobeh
Okawaru
Qazlal
Ru
Sif Muna
Trog
Uskayaw
Vehumet
Wu Jian
Xom
Yredelemnul
Zin
The Shining One
Jiyva
Lugonu

Shops:
D *[([[[:(


Innate Abilities, Weirdness & Mutations

You have a pair of horns on your head.
You reflexively headbutt those who attack you in melee.


Message History

You hit something. Your headbutt misses something.
Something hits you but does no damage. Something completely misses you.
You barely miss something. You hit something. Your headbutt misses something.
A vampire mage appears from thin air!
Reactivating autopickup.
The vampire mage hits you!
* * * LOW HITPOINT WARNING * * *
The vampire mage bites you but does no damage.
You barely miss the vampire mage.
The vampire mage is lightly damaged.
The vampire mage is distracted by your dazzling golden aura.
You slash the vampire mage!
The vampire mage is no longer distracted by gold.
Your headbutt misses the vampire mage.
The vampire mage is lightly damaged.
You hit the vampire mage but do no damage.
Your headbutt misses the vampire mage.
The vampire mage is lightly damaged.
The vampire mage is distracted by your dazzling golden aura.
You spit the vampire mage like a pig!!!
The vampire mage is no longer distracted by gold.
The vampire mage is almost destroyed.
The vampire mage gestures wildly while chanting.
The vampire mage flickers and vanishes!
Deactivating autopickup; reactivate with Ctrl-A.
You feel much better. Something hits you but does no damage.
Something bites you but does no damage.
You feel yourself speed up.
You hear some strange, mumbled words.
A bolt of negative energy appears from out of thin air!
The bolt of negative energy hits you!!
You feel drained.
* * * LOW HITPOINT WARNING * * *
You feel very mighty all of a sudden.
You barely miss something.
You hear some strange, mumbled words.
A bolt of negative energy appears from out of thin air!
The bolt of negative energy hits you!!
You feel drained.
You die...
Your body crumbles into a pile of gold.

*,,,,,,,,,+,,,,,,,,,,,,,,,,,,,,,+
*********************************
*,,,,,,,,,,,,,,,,,,,,,,,,,,,,,,,,
*,*******************************
*,,,,,,,,,,,,+,,,,,,,,,+~~~,,,,,,
*********************************
*,,,,,,,,,,,,,,,,,,,,,,,,,,,,,,,,
*,********▓▓▓▓▓▓▓▓▓▓▓▓▓▓▓▓▓▓▓▓▓▓▓
*,,,,,,,,,+..V{{@$$$$$$$$$'......
▓▓▓▓▓▓▓▓▓▓▓▓▓▓▓▓▓▓▓▓▓▓▓▓▓▓▓▓▓▓▓▓▓
▓................................
▓.▓▓▓▓▓▓▓▓▓▓▓▓▓▓▓▓▓▓▓▓▓▓▓▓▓▓▓▓▓▓▓
▓...∩.∩.∩.'.∩.∩.∩.∩.∩.∩...[['....
▓▓▓▓▓▓▓▓▓▓▓▓▓▓▓▓▓▓▓▓▓▓▓▓▓▓▓▓▓▓▓▓▓
▓.........[......................
▓.▓▓▓▓▓▓▓▓▓▓▓▓▓▓▓▓▓▓▓▓▓▓▓▓▓▓▓▓▓▓▓
▓....'..[[.[..')..?........'.....


You could see a vampire (summoned).

Vanquished Creatures
  A sphinx (D)
  A frost giant (D)
  A stone giant (D)
  A dire elephant (D)
  Josephine (D)
  A rakshasa (D)
  2 fire dragons (D)
  A hydra (D)
  Harold (D)
  Erolcha (D)
  4 centaur warriors (D)
  3 orc knights (D)
  8 orc sorcerers (D)
  8 elephants (D)
  An elephant (shapeshifter) (D)
  A black mamba (D)
  A gargoyle (D)
  2 cane toads (D)
  3 komodo dragons (D)
  A tengu conjurer (D)
  2 trolls (D)
  A blink frog (shapeshifter) (D)
  A slime creature (D)
  3 wraiths (D)
  3 yaks (D)
  2 basilisks (D)
  3 vampire mosquitoes (D)
  9 orc warriors (D)
  4 water moccasins (D)
  A black bear (D)
  A centaur (D)
  A bullfrog (D)
  A killer bee (D)
  A howler monkey (D)
  7 orc priests (D)
  A hound (D)
  9 orc wizards (D)
  An adder (D)
  5 orcs (D)
  An endoplasm (D)
  A jackal (D)
  2 quokkas (D)
  A ball python (D)
  A goblin (D)
105 creatures vanquished.

Vanquished Creatures (others)
  An orc wizard (D)
1 creature vanquished.

Grand Total: 106 creatures vanquished

Notes
Turn   | Place    | Note
-------+----------+-------------------------------------------
     0 | D        | Heoruswealwe the Minotaur Fighter began the quest for the
                  | Orb.
     0 | D        | Reached XP level 1. HP: 19/19 MP: 0/0
     6 | D        | Reached skill level 3 in Polearms
    18 | D        | Noticed a hound
    18 | D        | Noticed a centaur
    18 | D        | Noticed an orc wizard
    21 | D        | Killed an orc wizard
    30 | D        | Killed a centaur
    31 | D        | Reached skill level 7 in Polearms
    31 | D        | Reached XP level 2. HP: 10/30 MP: 1/1
    31 | D        | Reached XP level 3. HP: 12/37 MP: 2/2
    31 | D        | Reached XP level 4. HP: 14/44 MP: 3/3
    35 | D        | Reached skill level 8 in Polearms
    41 | D        | Found a snail-covered altar of Cheibriados.
    41 | D        | Found a shadowy altar of Dithmenos.
    41 | D        | Found a white marble altar of Elyvilon.
    41 | D        | Found a blossoming altar of Fedhas.
    41 | D        | Found an opulent altar of Gozag.
    42 | D        | Found a hazy altar of Hepliaklqana.
    43 | D        | Found a viscous altar of Jiyva.
    44 | D        | Found an ancient bone altar of Kikubaaqudgha.
    45 | D        | Found a corrupted altar of Lugonu.
    46 | D        | Found a burning altar of Makhleb.
    47 | D        | Found a sparkling altar of Nemelex Xobeh.
    48 | D        | Found an iron altar of Okawaru.
    49 | D        | Became a worshipper of Gozag Ym Sagoz the Greedy
    50 | D        | Found a stormy altar of Qazlal.
    51 | D        | Found a sacrificial altar of Ru.
    52 | D        | Found a shimmering blue altar of Sif Muna.
    53 | D        | Found a bloodstained altar of Trog.
    54 | D        | Found a hide-covered altar of Uskayaw.
    55 | D        | Found a radiant altar of Vehumet.
    56 | D        | Found an ornate altar of the Wu Jian Council.
    57 | D        | Found a shimmering altar of Xom.
    58 | D        | Found a basalt altar of Yredelemnul.
    59 | D        | Found a glowing silver altar of Zin.
    60 | D        | Found a glowing golden altar of the Shining One.
   154 | D        | Noticed a troll
   158 | D        | Reached skill level 9 in Polearms
   158 | D        | Reached XP level 5. HP: 52/52 MP: 4/4
   162 | D        | Reached skill level 10 in Polearms
   168 | D        | Killed a troll
   169 | D        | Reached skill level 12 in Polearms
   169 | D        | Reached XP level 6. HP: 39/64 MP: 5/5
   256 | D        | Noticed a basilisk
   256 | D        | Noticed a troll
   256 | D        | Noticed a vampire mosquito
   256 | D        | Noticed a gargoyle
   256 | D        | Noticed a tarantella
   256 | D        | Noticed a vampire mosquito
   256 | D        | a tarantella changed into an elephant
   256 | D        | Noticed an elephant (shapeshifter)
   258 | D        | Killed a vampire mosquito
   259 | D        | Reached skill level 10 in Fighting
   259 | D        | Reached skill level 13 in Polearms
   259 | D        | Reached skill level 10 in Armour
   259 | D        | Reached XP level 7. HP: 67/72 MP: 6/6
   269 | D        | Killed an elephant
   270 | D        | Reached skill level 14 in Polearms
   276 | D        | Killed a gargoyle
   277 | D        | Reached skill level 15 in Polearms
   277 | D        | Reached XP level 8. HP: 18/82 MP: 7/7
   287 | D        | Killed a troll
   288 | D        | Reached skill level 16 in Polearms
   542 | D        | Noticed a cane toad
   542 | D        | Noticed an elephant
   542 | D        | Noticed a cane toad
   544 | D        | Killed a cane toad
   545 | D        | Reached XP level 9. HP: 88/92 MP: 8/8
   548 | D        | Reached skill level 17 in Polearms
   548 | D        | Noticed a black mamba
   552 | D        | Noticed a komodo dragon
   554 | D        | Killed an elephant
   563 | D        | Killed a cane toad
   564 | D        | Reached skill level 18 in Polearms
   576 | D        | Killed a black mamba
   588 | D        | Killed a komodo dragon
   589 | D        | Reached skill level 19 in Polearms
   764 | D        | Noticed a six-headed hydra
   764 | D        | Noticed a komodo dragon
   767 | D        | Noticed a komodo dragon
   769 | D        | Killed a komodo dragon
   774 | D        | Reached XP level 10. HP: 99/104 MP: 9/9
   776 | D        | Killed an eight-headed hydra
   784 | D        | Reached skill level 20 in Polearms
   789 | D        | Reached skill level 15 in Fighting
   789 | D        | Reached skill level 15 in Armour
   939 | D        | Noticed an elephant
   939 | D        | Noticed an elephant
   939 | D        | Noticed an elephant
   939 | D        | Noticed an elephant
   939 | D        | Noticed an elephant
   939 | D        | Noticed a dire elephant
   942 | D        | Noticed an elephant
   948 | D        | Killed a dire elephant
   952 | D        | Killed an elephant
   953 | D        | Reached skill level 21 in Polearms
   956 | D        | Killed an elephant
   963 | D        | Killed an elephant
   969 | D        | Killed an elephant
   969 | D        | Noticed an elephant
   973 | D        | Killed an elephant
   974 | D        | Reached XP level 11. HP: 55/115 MP: 10/10
   978 | D        | Reached skill level 22 in Polearms
  1141 | D        | Noticed Harold
  1155 | D        | Killed Harold
  1223 | D        | Noticed Josephine
  1235 | D        | Killed Josephine
  1245 | D        | Reached skill level 23 in Polearms
  1339 | D        | Noticed an orc knight
  1349 | D        | Killed an orc knight
  1526 | D        | Noticed an orc knight
  1534 | D        | Killed an orc knight
  1551 | D        | Noticed an orc knight
  1573 | D        | Killed an orc knight
  1811 | D        | Found Nail's Magic Scroll Boutique.
  1811 | D        | Noticed an orc sorcerer
  1811 | D        | Noticed an orc sorcerer
  1811 | D        | Noticed an orc sorcerer
  1812 | D        | Killed an orc sorcerer
  1813 | D        | Reached skill level 24 in Polearms
  1816 | D        | Noticed an orc sorcerer
  1816 | D        | Killed an orc sorcerer
  1818 | D        | Noticed a sixfirhy
  1821 | D        | Killed an orc sorcerer
  1822 | D        | Found Ustroum's Antique Weapon Shop.
  1829 | D        | Killed an orc sorcerer
  1830 | D        | Found Fidisul's Book Boutique.
  1836 | D        | Found Fogrit's Armour Shop.
  1836 | D        | Noticed an orc sorcerer
  1837 | D        | Noticed an orc sorcerer
  1838 | D        | Noticed an orc sorcerer
  1839 | D        | Noticed an orc sorcerer
  1846 | D        | Killed an orc sorcerer
  1853 | D        | Killed an orc sorcerer
  1859 | D        | Paralysed by an orc sorcerer for 2 turns
  1862 | D        | Killed an orc sorcerer
  1863 | D        | Reached XP level 12. HP: 47/128 MP: 11/11
  1866 | D        | Reached skill level 25 in Polearms
  1963 | D        | Bought the +2 cloak of the First Stories {Contam rElec rN+}
                  | for 298 gold pieces
  1969 | D        | Bought a scroll of identify for 22 gold pieces
  1969 | D        | Bought a scroll of magic mapping for 82 gold pieces
  1969 | D        | Bought a scroll of identify for 22 gold pieces
  1969 | D        | Bought a scroll of enchant weapon for 82 gold pieces
  1969 | D        | Bought a scroll of enchant weapon for 82 gold pieces
  1969 | D        | Bought a scroll of identify for 22 gold pieces
  1969 | D        | Bought a scroll of torment for 104 gold pieces
  1969 | D        | Bought a scroll of silence for 104 gold pieces
  1969 | D        | Bought a scroll of blinking for 82 gold pieces
  2001 | D        | Bought the +4 cloak of the Slightly Bent {rPois rF+++ Will-
                  | Dex-3} for 903 gold pieces
  2040 | D        | Bought a pair of spiked gloves for 294 gold pieces
  2040 | D        | Identified the +1 pair of gloves of Hedonism {Str-5 Dex+2
                  | Slay+2} (You bought it in a shop in the Dungeon)
  2081 | D        | Bought a wand of charming (3) for 100 gold pieces
  2081 | D        | Bought a tin of tremorstones (2/2) for 560 gold pieces
  2081 | D        | Bought a potion of curing for 42 gold pieces
  2183 | D        | Noticed Erolcha
  2187 | D        | Killed Erolcha
  2361 | D        | Noticed a centaur warrior
  2361 | D        | Noticed a centaur warrior
  2361 | D        | Noticed a centaur warrior
  2362 | D        | Noticed a centaur warrior
  2379 | D        | Noticed a stone giant
  2386 | D        | Killed a centaur warrior
  2391 | D        | Noticed a fire dragon
  2393 | D        | Killed a centaur warrior
  2394 | D        | Noticed a sphinx
  2397 | D        | Noticed a rakshasa
  2402 | D        | Killed a centaur warrior
  2403 | D        | Noticed a frost giant
  2406 | D        | Killed a centaur warrior
  2407 | D        | Reached skill level 26 in Polearms
  2409 | D        | Noticed a fire dragon
  2416 | D        | Noticed a vampire mage
  2419 | D        | Killed a stone giant
  2427 | D        | Killed a fire dragon
  2432 | D        | Paralysed by a sphinx for 2 turns
  2438 | D        | Killed a sphinx
  2448 | D        | Killed a rakshasa
  2457 | D        | Killed a frost giant
  2464 | D        | Killed a fire dragon
  2465 | D        | Reached skill level 27 in Polearms
  2478 | D        | Killed from afar by a vampire mage

Illustrated notes

Levels and vault maps discovered:
D:        linesprint [early_d, line_temple, items_1, d_10, items_2, lair_1,
          lair_end, items_3, orc_1, orc_end, items_4, d_15, swamp_1, shoals_1,
          snake_1, spider_1, d_20, vaults_1, items_5, swamp_end, shoals_end,
          snake_end, spider_end, vaults_end, d_27, items_6, zot_1, zot_end,
          crypt_end, forest_end, elf_end, slime_end, tomb_end, abyss_end,
          pan_hell_end]

Skill      XL: |  1  2  3  4  5  6  7  8  9 10 11 12 |
---------------+-------------------------------------+-----
Polearms       | 7 9 12 13 15 16 19 21 24 27 | 27.0
Fighting       | 6 7 9 10 11 12 14 16 18 20 | 20.3
Armour         | 6 7 9 10 11 12 14 16 18 20 | 20.3
Shields        | |  3.6

Action                     |  1- 3 |  4- 6 |  7- 9 | 10-12 || total
---------------------------+-------+-------+-------+-------++-------
  Melee: Trident           |    17 |     4 |       |       ||    21
         Headbutt          |     2 |     5 |    16 |    62 ||    85
         Halberd           |       |    23 |    82 |   312 ||   417
 Invoke: Call Merchant     |       |       |       |     5 ||     5
    Use: Potion            |       |       |     4 |    14 ||    18
         Scroll            |       |       |       |     1 ||     1
   Stab: Distracted        |       |       |     2 |     3 ||     5
 Armour: Scale mail        |    10 |     1 |       |       ||    11
         Chain mail        |       |    18 |    27 |    47 ||    92
         Plate armour      |       |       |       |    21 ||    21
         Shadow dragon sca |       |       |       |    67 ||    67
  Dodge: Dodged            |    16 |     9 |    24 |    72 ||   121
  Block: Buckler           |     3 |       |       |       ||     3
